 Dungeon Crawl Stone Soup version 0.28-a0-909-g796cbd3a86 (webtiles) character file.

Game seed: 4206107128462960871

49 bjtr the Vexing (level 4, 0/32 HPs)
             Began as a Formicid Arcane Marksman on Nov 25, 2021.
             Succumbed to an adder's poison
             ... on level 2 of the Dungeon.
             The game lasted 00:09:02 (1961 turns).

bjtr the Vexing (Formicid Arcane Marksman)          Turns: 1961, Time: 00:09:03

Health: 0/32       AC:  5    Str: 15    XL:     4   Next: 1%
Magic:  15/15      EV: 10    Int: 13    God:
Gold:   74         SH:  5    Dex: 11    Spells: 5/6 levels left

rFire   . . .      SeeInvis +   a - +0 hand crossbow
rCold   . . .      Faith    .   (no shield)
rNeg    . . .      Spirit   .   s - +0 ring mail
rPois   .          Reflect  +   (helmet unavailable)
rElec   .          Harm     .   (no cloak)
rCorr   .          Rampage  .   (no gloves)
Will    .....                   (no boots)
Stlth   +.........              n - amulet of reflection
HPRegen 0.10/turn               o - ring of magical power
MPRegen 0.14/turn               (no ring)

@: lethally poisoned (0 -> -12)
A: permanent stasis, dig shafts and tunnels, antennae 3, four strong arms
a: Dig, Shaft Self


You were on level 2 of the Dungeon.
You visited 1 branch of the dungeon, and saw 2 of its levels.

You collected 74 gold pieces.

Inventory:

Hand Weapons
 a - a +0 hand crossbow (weapon)
 b - a +0 dagger
 k - a +0 hunting sling
Missiles
 c - 12 bolts (quivered ammo)
 f - 30 stones
 m - 21 sling bullets
Armour
 d - a +0 robe
 q - a +0 scale mail
 s - a +0 ring mail (worn)
Jewellery
 n - an amulet of reflection (around neck)
 o - a ring of magical power (left hand)
Scrolls
 e - a scroll of noise {unknown}
 h - a scroll of summoning {unknown}
 l - 2 scrolls of amnesia {unknown}
 p - a scroll of blinking {unknown}
 r - a scroll of teleportation {unknown}
 t - a scroll of identify {unknown}
Potions
 i - a potion of mutation {unknown}
 j - a potion of resistance {unknown}


   Skills:
 - Level 1.1 Fighting
 * Level 2.8 Crossbows
 - Level 1.7 Dodging
 + Level 1.9 Spellcasting
 + Level 4.5 Hexes


You had 5 spell levels left.
You knew the following spells:

 Your Spells              Type           Power      Damage    Failure   Level
a - Slow                  Hex            52%        N/A       8%          1

Your spell library contained the following spells:

 Spells                   Type           Power      Damage    Failure   Level
 Inner Flame              Hex/Fire       7%         N/A       52%         3
 Portal Projectile        Hex/Tloc       14%        N/A       52%         3
 Cause Fear               Hex            6%         N/A       61%         4
 Ozocubu's Armour         Ice            1%         N/A       83%         3
 Ozocubu's Refrigeration  Ice            0%         4d5       100%        7


Dungeon Overview and Level Annotations

Branches:
Dungeon (2/15)

Altars:


Innate Abilities, Weirdness & Mutations

You cannot be hasted, slowed, berserked, paralysed or teleported.
You can dig through walls and to a lower floor.
You have a pair of large antennae on your head. (SInv)
Your four strong arms can wield two-handed weapons with a shield.


Message History

You block the adder's attack.
You hit the adder.
The adder is heavily wounded.
The adder barely misses you.
You hit the adder.
The adder is severely wounded.
The adder bites you.
You are poisoned.
The adder poisons you!
a - a +0 hand crossbow (weapon)
You feel sick.
Fire: 15 bolts
Press: ? - help, Q - select action, (/) - cycle Shift-Dir - straight line, f/p - adder
Aim: an adder (severely wounded, slow, 42% to hit)
You shoot a bolt. The bolt misses the adder.
You feel sick. The adder bites you.
You are lethally poisoned!
The adder poisons you! You block the adder's attack.
Fire: 14 bolts
Press: ? - help, Q - select action, (/) - cycle Shift-Dir - straight line, f/p - adder
Aim: an adder (severely wounded, slow, 42% to hit)
You shoot a bolt. The bolt misses the adder.
You feel very sick. The adder bites you.
* * * LOW HITPOINT WARNING * * *
You are more poisoned.
The adder poisons you!
Fire: 13 bolts
Press: ? - help, Q - select action, (/) - cycle Shift-Dir - straight line, f/p - adder
Aim: an adder (severely wounded, slow, 42% to hit)
You shoot a bolt. The bolt hits the adder.
You kill the adder!
* * * LOW HITPOINT WARNING * * *
You feel very sick.
You have reached level 4!
You feel stronger.
There is a lethal amount of poison in your body!
It was a potion of haste.
Your stasis prevents you from being hasted.
You die...

.####.#..##..######
###...##...#......# #
#.######...####.#. # #.#
####........ .. ###.#
#.....###..##.
##..#####.##.## ...
..........##.### #.#
.#.#########..†#####.###
##.# ###..@((#...# ...#
#####..##.### ####
##(.#)..####### #
##..#........# #
##..........# .#
##.......... ..#
##......... #.[.
#.(....... ..##
#..........


There were no monsters in sight!

Vanquished Creatures
  2 adders (D:2)
  2 worms (D:2)
  5 endoplasms
  3 goblins (D:1)
  2 hobgoblins
  3 ball pythons
  2 bats
  A frilled lizard (D:2)
  2 kobolds
  4 rats
26 creatures vanquished.

Notes
Turn   | Place    | Note
-------+----------+-------------------------------------------
     0 | D:1      | bjtr the Formicid Arcane Marksman began the quest for the
                  | Orb.
     0 | D:1      | Reached XP level 1. HP: 15/15 MP: 2/2
   545 | D:1      | Reached XP level 2. HP: 18/21 MP: 3/3
   725 | D:1      | Reached skill level 4 in Hexes
  1483 | D:2      | Found a faded altar of an unknown god.
  1633 | D:2      | Reached XP level 3. HP: 26/26 MP: 5/5
  1961 | D:2      | Reached XP level 4. HP: 3/32 MP: 6/6
  1961 | D:2      | Succumbed to an adder's poison

Illustrated notes

Levels and vault maps discovered:
D:1:      saegor_arrival_fortress, layout_loops_corners, minmay_statues_item
D:2:      layout_rooms, basic_altar, ebering_ecumenical_altar_box

Skill      XL: |  1  2 |
---------------+-------+-----
Hexes          | 4 |  4.5
Fighting       | |  1.1
Crossbows      | |  2.8
Dodging        | |  1.7
Spellcasting   | |  1.9

Action                   |  1- 3 |  4- 6 || total
-------------------------+-------+-------++-------
Melee: Dagger            |    88 |       ||    88
 Fire: Hand crossbow     |    36 |       ||    36
 Cast: Slow              |    36 |       ||    36
 Abil: Dig               |     1 |       ||     1
  Use: Potion            |       |     1 ||     1
 Stab: Sleeping          |     1 |       ||     1
Armor: Robe              |    12 |       ||    12
       Ring mail         |    10 |       ||    10
Dodge: Dodged            |    36 |       ||    36
Block: Other             |    14 |       ||    14

Table legend: (Time is in decaauts)
 A = Elapsed time spent in this place.
 B = Non-inter-level travel time spent in this place.
 C = Inter-level travel time spent in this place.
 D = Time resting spent in this place.
 E = Time spent auto-exploring this place.
 F = Levels seen in this place.
 G = Mean time per level.
                   A        B        C        D        E       F      G
               +--------+--------+--------+--------+--------+-----+--------+
         Total |   1968 |   1961 |      7 |    483 |   1043 |   2 |  984.0 |
       Dungeon |   1968 |   1961 |      7 |    483 |   1043 |   2 |  984.0 |
               +--------+--------+--------+--------+--------+-----+--------+

Top non-repeatable levels by time:
     D:1: 1345 daAuts
     D:2: 622 daAuts
